 Dungeon Crawl Stone Soup version 0.21.0-3-g78d12a8 (webtiles) character file.

115 tidbits the Sneak (level 5, 0/27 HPs)
             Began as a Vine Stalker Wizard on Jan 10, 2018.
             Slain by a gnoll
             ... wielding a +0 flail
              (7 damage)
             ... on level 4 of the Dungeon.
             The game lasted 00:08:55 (1050 turns).

tidbits the Sneak (Vine Stalker Wizard)             Turns: 1050, Time: 00:08:56

Health: 0/27       AC:  6    Str: 15    XL:     5   Next: 0%
Magic:  0/10       EV: 11    Int: 22    God:
Gold:   74         SH:  0    Dex: 13    Spells: 7/10 levels left

rFire    . . .     SeeInvis .   a - +0 falchion
rCold    . . .     Gourm    .   (no shield)
rNeg     . . .     Faith    .   B - +0 ring mail {rPois}
rPois    +         Spirit   +   b - +0 hat
rElec    .         Reflect  .   (no cloak)
rCorr    .         Harm     .   G - +0 pair of gloves
MR       .....     Clarity  +   (no boots)
Stlth    ++........             (no amulet)
HPRegen  0.49/turn              (no ring)
MPRegen  0.12/turn              (no ring)

@: mighty, very slightly contaminated
A: fangs 2, clarity, clever 2, regeneration 1, magic shield, antimagic bite, no
potion heal 3, rot immunity
a: no special abilities


You were on level 4 of the Dungeon.
You were not hungry.

You visited 1 branch of the dungeon, and saw 5 of its levels.

You collected 74 gold pieces.

Inventory:

Hand Weapons
 a - a +0 falchion (weapon)
 f - a +0 whip
 h - a +0 mace
 j - a +0 dagger
Missiles
 m - 10 poisoned needles
Armour
 b - a +0 hat (worn)
 e - a +0 robe
 k - a +0 ring mail
 B - a +0 ring mail of poison resistance (worn)
   (You found it on level 2 of the Dungeon)
 G - a +0 pair of gloves (worn)
Scrolls
 g - a scroll of amnesia {unknown}
 n - a scroll of enchant weapon {unknown}
 r - 2 scrolls of remove curse
Potions
 i - a potion of curing {unknown}
 o - a potion of berserk rage {unknown}
Books
 c - a book of Minor Magic

   Spells                             Type                      Level
   a - Magic Dart                     Conjuration                  1
   b - Blink                          Translocation                2
   c - Call Imp                       Summoning                    2
   d - Slow                           Hexes                        2
   e - Conjure Flame                  Conjuration/Fire             3
   f - Mephitic Cloud                 Conjuration/Poison/Air       3
Comestibles
 d - 3 rations
 p - 4 chunks of flesh


   Skills:
 + Level 2.6 Fighting
 - Level 1.5 Dodging
 + Level 4.9 Stealth
 - Level 3.2 Spellcasting
 - Level 1.0 Conjurations
 - Level 1.0 Summonings
   Level 1.0 Translocations


You had 7 spell levels left.
You knew the following spells:

 Your Spells              Type           Power        Failure   Level  Hunger
a - Magic Dart            Conj           #...         16%         1    None
i - Call Imp              Summ           #.......     24%         2    ##.....


Dungeon Overview and Level Annotations

Branches:
Dungeon (5/15)
 Temple: D:4-7

Altars:
Sif Muna

Annotations:
D:2 exclusion: 2 adders


Innate Abilities, Weirdness & Mutations

You have extremely sharp teeth.
Your natural rate of healing is unusually fast.
When hurt, damage is shared between your health and your magic reserves.
Your bite disrupts and absorbs the magic of your enemies.
Potions cannot restore your health.
You are immune to rotting.
You possess an exceptional clarity of mind.
Your mind is very acute. (Int +4)


Message History

The orc hits you with a flail.
Casting: Magic Dart
Confirm with . or Enter, or press ? or * to list all spells.
Aiming: Magic Dart
Press: ? - help, Shift-Dir - straight line, f/p - orc
Aim: an orc, wielding a flail and wearing a leather armour (moderately wounded)
The magic dart hits the orc.
The orc is heavily wounded.
The orc barely misses you.
You barely miss the orc.
The orc is heavily wounded.
The orc barely misses you.
An orc wizard comes into view. It is wielding a dagger.
You hit the orc.
You kill the orc!
The orc wizard casts a spell at you. The puff of frost hits you!
Unknown command.
You feel very mighty all of a sudden. The orc wizard hits you with a dagger.
You slash the orc wizard! Your bite misses the orc wizard.
The orc wizard is heavily wounded.
The orc wizard hits you but does no damage.
You slash the orc wizard! Your bite misses the orc wizard.
The orc wizard is almost dead.
The orc wizard gestures at you while chanting.
The puff of frost misses you.
You hit the orc wizard.
You kill the orc wizard!
Things that are here:
a dagger; a robe; an orc corpse You butcher the orc corpse.
p - 4 chunks of flesh
Things that are here:
a dagger; a robe
Items here: )) [ †† a flail; a leather armour; a trident; an orc corpse x2
An orc comes into view. It is wielding a club.
The orc throws a stone.
The stone closely misses you.
You see here a stone.
Casting: Magic Dart
Confirm with . or Enter, or press ? or * to list all spells.
Aiming: Magic Dart
Press: ? - help, Shift-Dir - straight line, f - orc
Aim: an orc, wielding a club The magic dart hits the orc.
The orc is heavily wounded.
The orc throws a stone.
The stone closely misses you.
The orc throws a stone.
The stone barely misses you. The orc hits you but does no damage.
You hit the orc.
You kill the orc!
You have reached level 5!
Things that are here:
a club; 11 stones
Found a stone staircase leading down.
Found a leather armour.
There is a stone staircase leading down here.
You climb downwards.
A frilled lizard, a worker ant, 5 gnolls and an ogre come into view.
The gnoll shouts!
The ogre shouts!
The gnoll shouts! x3
The worker ant twitches its antennae in your direction.
The gnoll shaman shouts!
The frilled lizard hisses angrily.
Found a ration, 23 sling bullets, 9 gold pieces and a scroll of identify.
There is a stone staircase leading up here.
Unknown command.
The gnoll barely misses you.
You climb upwards.
You feel a little less mighty now.
There is a stone staircase leading down here.
Unknown command.
You barely miss the gnoll. The gnoll closely misses you.
You riposte.
You hit the gnoll but do no damage. You hit the gnoll but do no damage.
The gnoll hits you with a flail!
The gnoll throws a throwing net.
The throwing net barely misses you.
Casting: Magic Dart
Confirm with . or Enter, or press ? or * to list all spells.
Aiming: Magic Dart
Press: ? - help, Shift-Dir - straight line, f - gnoll
Aim: a gnoll, wielding a flail The magic dart hits the gnoll.
The gnoll is moderately wounded.
The gnoll throws a throwing net.
The throwing net hits you.
You become entangled in the net!
Unknown command.
Unknown command.
You feel very mighty all of a sudden.
You struggle against the net.
The gnoll hits you with a flail.
* * * LOW HITPOINT WARNING * * *
You struggle against the net.
You struggle against the net.
The gnoll hits you but does no damage.
You struggle against the net.
The gnoll hits you with a flail!
* * * LOW HITPOINT WARNING * * *
You struggle against the net.
The gnoll closely misses you.
You shred the net and break free! The gnoll hits you with a flail.
* * * LOW HITPOINT WARNING * * *
You closely miss the gnoll. Your bite misses the gnoll.
The gnoll is lightly wounded.
The gnoll hits you with a flail!
You die...

#..# ... ..# #.# #..##
#.# #.# #)# ...# #.# #.#
#.# #..####.###.###.#
#..#....)....##.#
#..#.##.###.(##.#
#..#.##.........#
...#####>......###..####
#.(....@g...........#
.#[######............
####..........
#.######### #.# #.# #.#
#.# #. .# #.


You could see a gnoll.

Vanquished Creatures
  An orc wizard (D:4)
  3 adders
  An ooze (D:1)
  A worm (D:2)
  2 dart slugs (D:1)
  3 orcs (D:4)
  5 bats
  2 giant cockroaches (D:1)
  5 goblins
  6 hobgoblins
  2 jackals (D:2)
  4 kobolds (D:1)
  A quokka (D:3)
  5 frilled lizards
  3 rats
44 creatures vanquished.

Vanquished Creatures (others)
  A ball python (D:2)
1 creature vanquished.

Grand Total: 45 creatures vanquished

Notes
Turn   | Place    | Note
-------+----------+-------------------------------------------
     0 | D:1      | tidbits the Vine Stalker Wizard began the quest for the Orb.
     0 | D:1      | Reached XP level 1. HP: 9/9 MP: 5/5
   138 | D:1      | Reached XP level 2. HP: 11/14 MP: 1/7
   152 | D:1      | Reached skill level 3 in Stealth
   188 | D:1      | Reached skill level 1 in Fighting
   322 | D:1      | Reached XP level 3. HP: 16/18 MP: 0/8
   394 | D:1      | Learned a level 2 spell: Call Imp
   642 | D:2      | Found a deep blue altar of Sif Muna.
   711 | D:2      | Reached skill level 2 in Fighting
   711 | D:2      | Reached skill level 4 in Stealth
   832 | D:3      | Gained mutation: Your natural rate of healing is unusually fast. [Vine Stalker growth]
   832 | D:3      | Reached XP level 4. HP: 23/23 MP: 6/9
   926 | D:3      | Gained mutation: You possess an exceptional clarity of mind. [potion of mutation]
   926 | D:3      | Gained mutation: Your mind is acute. (Int +2) [potion of mutation]
   926 | D:3      | Gained mutation: Your mind is very acute. (Int +4) [potion of mutation]
  1025 | D:4      | Reached XP level 5. HP: 27/27 MP: 2/10
  1036 | D:5      | Entered Level 5 of the Dungeon
  1036 | D:5      | Noticed an ogre
  1050 | D:4      | Slain by a gnoll

Skill      XL: |  1  2  3 |
---------------+----------+-----
Stealth        | 3 4 |  4.9
Fighting       | 1 2 |  2.6
Dodging        | |  1.5
Spellcasting   | |  3.2
Conjurations   | |  1.0
Summonings     | |  1.0
Translocations | |  1.0

Action                   |  1- 3 |  4- 6 || total
-------------------------+-------+-------++-------
Melee: Mace              |    33 |       ||    33
       Bite              |     4 |     2 ||     6
       Falchion          |     4 |    17 ||    21
       Dagger            |     1 |     1 ||     2
 Cast: Magic Dart        |    66 |    13 ||    79
  Use: Scroll            |     2 |     1 ||     3
       Potion            |       |     3 ||     3
 Stab: Sleeping          |     2 |     1 ||     3
Armor: Robe              |     9 |       ||     9
       Ring mail         |       |    12 ||    12
Dodge: Dodged            |    30 |    20 ||    50
       Rpst.: Falchion   |     4 |     2 ||     6

Table legend:
 A = Turns spent in this place as a percentage of turns spent in the entire game.
 B = Non-inter-level travel turns spent in this place as a percentage of non-inter-level travel turns spent in the entire game.
 C = Inter-level travel turns spent in this place as a percentage of turns spent in this place.
 D = Turns resting spent in this place as a percentage of non-inter-level travel turns spent in this place.
 E = Turns spent auto-exploring this place as a percentage of non-inter-level travel turns spent in this place.
 F = Non-inter-level travel turns spent in this place divided by the number of levels of this place that you've seen.
                   A       B       C       D       E      F
               +-------+-------+-------+-------+-------+----------------------
         Total | 100.0 | 100.0 |   7.8 |   0.0 |   0.0 | 193.6
       Dungeon | 100.0 | 100.0 |   7.8 |   0.0 |   0.0 | 193.6
               +-------+-------+-------+-------+-------+----------------------

Table legend:
 A = Kills in this place as a percentage of kills in entire the game.
 B = Kills by you in this place as a percentage of kills by you in the entire game.
 C = Kills by friends in this place as a percentage of kills by friends in the entire game.
 D = Other kills in this place as a percentage of other kills in the entire game.
 E = Experience gained in this place as a percentage of experience gained in the entire game.
 F = Experience gained in this place divided by the number of levels of this place that you have seen.
                   A       B       C       D       E      F
               +-------+-------+-------+-------+-------+----------------------
         Total | 100.0 | 100.0 |   N/A |   N/A | 100.0 |  33.0
       Dungeon | 100.0 | 100.0 |   N/A |   N/A | 100.0 |  33.0
               +-------+-------+-------+-------+-------+----------------------

Vault maps used:
D:1:      eino_arrival_cavern_a
D:2:      nicolae_overflow_crystal_walls, elyvilon_altar_4
D:3:      chequers_temple_overflow_minitemple, cheibriados_altar_1
D:4:      nicolae_ashenzari_panopticon, kennysheep_mini
D:5:      grunt_temple_overflow_order_and_chaos_2, first_ration, uniq_duvessa
